[ AOE2 MATCH · #505297342 ]
UnrankedKhmer vs Bengalis
Player's team · WIN
Rival team · LOSS
[ REPLAY ANALYSIS · EXTRACTED FROM THE RECORDED GAME ]
Feudal
8:26
Castle
23:05
Imperial
—
| APM avg | 67.7 |
| APM peak | 100 |
| eAPM avg | 28.0 |
| Villagers / military | 99 / 64 |
Focus
⚔️ 43.5% · 🌾 56.5%
Archer ×48 · Petard ×9 · Battering Ram ×4 · Scout Cavalry ×3
Feudal
12:36
Castle
18:41
Imperial
—
| APM avg | 51.2 |
| APM peak | 117 |
| eAPM avg | 28.9 |
| Villagers / military | 92 / 68 |
Focus
⚔️ 42.6% · 🌾 57.4%
Monk ×41 · Ratha (Ranged) ×23 · Militia ×2 · Mangonel ×2
Match map
Initial resources + every placement click. Lines = walls · curves = elevation contours. ◆ gold · ⬟ stone · ● berries · ✦ relic · ◌ wall gap
Your base· Open — unwalled flank
Dr. Wiley!!!'s base· Open — 6t gap
Smoothed initial terrain · ◌ = detected wall gap · hover for details
Inputs per minute
— CNZS_Donghaidi - - Dr. Wiley!!!
Build order — CNZS_Donghaidi
First 150 of 276 actions detected
| 0:00 | Create | Villager (Male) |
| 0:01 | Create | Villager (Male) |
| 0:01 | Create | Villager (Male) |
| 0:02 | Build | House |
| 0:03 | Build | House |
| 0:11 | Create | Villager (Male) |
| 0:11 | Create | Villager (Male) |
| 1:24 | Create | Villager (Male) |
| 1:25 | Create | Villager (Male) |
| 1:30 | Build | Lumber Camp |
| 1:56 | Create | Villager (Male) |
| 1:56 | Create | Villager (Male) |
| 2:29 | Create | Villager (Male) |
| 2:29 | Create | Villager (Male) |
| 2:29 | Create | Villager (Male) |
| 2:50 | Create | Villager (Male) |
| 2:50 | Create | Villager (Male) |
| 3:16 | Create | Villager (Male) |
| 3:16 | Create | Villager (Male) |
| 3:32 | Create | Villager (Male) |
| 3:32 | Create | Villager (Male) |
| 3:53 | Build | House |
| 4:06 | Create | Villager (Male) |
| 4:06 | Create | Villager (Male) |
| 4:07 | Create | Villager (Male) |
| 4:25 | Research | Loom |
| 5:49 | Create | Villager (Male) |
| 6:14 | Research | Feudal Age |
| 6:59 | Build | Mill |
| 7:15 | Create | Villager (Male) |
| 7:35 | Build | House |
| 8:26 | Age | Feudal Age |
| 8:28 | Build | Stable |
| 8:31 | Research | Double-Bit Axe |
| 8:32 | Create | Villager (Male) |
| 9:02 | Create | Scout Cavalry |
| 9:07 | Create | Scout Cavalry |
| 9:14 | Create | Villager (Male) |
| 9:35 | Build | Lumber Camp |
| 9:37 | Create | Villager (Male) |
| 9:50 | Create | Villager (Male) |
| 9:54 | Create | Villager (Male) |
| 10:29 | Build | House |
| 10:41 | Create | Scout Cavalry |
| 11:01 | Create | Villager (Male) |
| 11:14 | Build | Archery Range |
| 11:20 | Build | House |
| 11:27 | Create | Villager (Male) |
| 11:53 | Build | Farm |
| 11:57 | Create | Villager (Male) |
| 12:09 | Create | Archer |
| 12:14 | Build | Mining Camp |
| 12:17 | Create | Villager (Male) |
| 12:44 | Create | Villager (Male) |
| 12:59 | Build | Farm |
| 13:01 | Build | Farm |
| 13:02 | Create | Archer |
| 13:11 | Create | Villager (Male) |
| 13:14 | Build | House |
| 13:27 | Build | Watch Tower |
| 13:29 | Create | Archer |
| 13:29 | Create | Archer |
| 13:36 | Create | Villager (Male) |
| 13:45 | Create | Villager (Male) |
| 13:52 | Build | Farm |
| 13:54 | Create | Villager (Male) |
| 14:06 | Create | Villager (Male) |
| 14:16 | Create | Villager (Male) |
| 14:19 | Build | Mining Camp |
| 14:38 | Create | Archer |
| 14:39 | Build | House |
| 14:54 | Build | House |
| 14:55 | Build | Farm |
| 14:57 | Build | Farm |
| 14:57 | Build | Farm |
| 15:00 | Build | Farm |
| 15:02 | Create | Archer |
| 15:08 | Create | Villager (Male) |
| 15:18 | Create | Villager (Male) |
| 15:52 | Create | Archer |
| 16:04 | Build | Blacksmith |
| 16:12 | Build | Watch Tower |
| 16:15 | Create | Archer |
| 16:23 | Build | Watch Tower |
| 16:26 | Create | Villager (Male) |
| 16:35 | Create | Archer |
| 16:38 | Create | Villager (Male) |
| 16:48 | Build | House |
| 16:57 | Research | Fletching |
| 16:57 | Research | Fletching |
| 16:59 | Create | Villager (Male) |
| 17:04 | Build | Watch Tower |
| 17:17 | Create | Villager (Male) |
| 17:20 | Build | House |
| 17:30 | Create | Archer |
| 18:05 | Build | Farm |
| 18:06 | Build | Farm |
| 18:07 | Build | Farm |
| 18:08 | Build | Farm |
| 18:09 | Build | Farm |
| 18:10 | Build | Farm |
| 18:13 | Create | Archer |
| 18:16 | Create | Villager (Male) |
| 18:23 | Create | Villager (Male) |
| 18:29 | Build | Watch Tower |
| 18:36 | Create | Villager (Male) |
| 18:39 | Build | Market |
| 18:44 | Build | House |
| 18:44 | Build | House |
| 18:49 | Create | Archer |
| 19:14 | Build | Watch Tower |
| 19:35 | Create | Villager (Male) |
| 20:26 | Research | Castle Age |
| 20:26 | Research | Castle Age |
| 20:45 | Research | Horse Collar |
| 20:56 | Create | Archer |
| 20:57 | Create | Archer |
| 21:11 | Create | Archer |
| 21:11 | Create | Archer |
| 21:26 | Build | House |
| 21:26 | Build | House |
| 21:38 | Build | Farm |
| 21:44 | Build | Archery Range |
| 22:04 | Create | Archer |
| 22:39 | Build | Watch Tower |
| 22:45 | Build | Watch Tower |
| 23:05 | Age | Castle Age |
| 23:06 | Research | Crossbowman (upgrade) |
| 23:07 | Research | Crossbowman (upgrade) |
| 23:08 | Research | Bodkin Arrow |
| 23:10 | Create | Villager (Male) |
| 23:13 | Build | Town Center |
| 23:20 | Build | University |
| 23:26 | Create | Archer |
| 23:31 | Create | Villager (Male) |
| 23:42 | Build | Lumber Camp |
| 23:51 | Create | Villager (Male) |
| 23:53 | Create | Archer |
| 23:54 | Create | Villager (Male) |
| 24:05 | Create | Archer |
| 24:16 | Create | Villager (Male) |
| 24:20 | Create | Villager (Male) |
| 24:29 | Create | Villager (Male) |
| 24:40 | Build | Farm |
| 24:40 | Build | Farm |
| 24:41 | Create | Villager (Male) |
| 24:46 | Create | Villager (Male) |
| 25:06 | Create | Archer |
| 25:06 | Create | Archer |
| 25:09 | Create | Villager (Male) |
Build order — Dr. Wiley!!!
First 150 of 263 actions detected
| 0:00 | Create | Villager (Male) |
| 0:01 | Create | Villager (Male) |
| 0:02 | Build | House |
| 0:03 | Build | House |
| 0:10 | Create | Villager (Male) |
| 0:15 | Create | Villager (Male) |
| 1:14 | Create | Villager (Male) |
| 1:53 | Create | Villager (Male) |
| 2:20 | Create | Villager (Male) |
| 2:44 | Create | Villager (Male) |
| 3:01 | Build | Barracks |
| 3:05 | Build | House |
| 3:12 | Create | Villager (Male) |
| 3:29 | Create | Villager (Male) |
| 3:49 | Create | Villager (Male) |
| 4:04 | Create | Militia |
| 4:10 | Build | Palisade Wall |
| 4:11 | Build | Palisade Wall |
| 4:15 | Create | Villager (Male) |
| 4:26 | Build | House |
| 4:30 | Create | Militia |
| 4:39 | Create | Villager (Male) |
| 5:06 | Build | Palisade Wall |
| 5:08 | Create | Villager (Male) |
| 5:12 | Build | Palisade Wall |
| 5:28 | Build | Palisade Wall |
| 5:29 | Build | Palisade Wall |
| 5:32 | Create | Villager (Male) |
| 5:43 | Build | House |
| 5:47 | Create | Villager (Male) |
| 6:06 | Create | Villager (Male) |
| 6:19 | Build | Palisade Wall |
| 6:24 | Create | Villager (Male) |
| 6:46 | Build | House |
| 6:50 | Build | Palisade Wall |
| 6:53 | Create | Villager (Male) |
| 7:18 | Build | Mill |
| 7:22 | Create | Villager (Male) |
| 7:39 | Build | Palisade Wall |
| 7:40 | Build | Palisade Wall |
| 7:41 | Build | Palisade Wall |
| 7:52 | Create | Villager (Male) |
| 8:10 | Create | Villager (Male) |
| 8:48 | Create | Villager (Male) |
| 8:49 | Build | Lumber Camp |
| 8:51 | Research | Loom |
| 8:59 | Create | Villager (Male) |
| 9:13 | Create | Villager (Male) |
| 9:17 | Build | Palisade Wall |
| 9:19 | Build | Palisade Wall |
| 9:19 | Build | Palisade Wall |
| 9:20 | Build | Palisade Wall |
| 9:22 | Build | Palisade Wall |
| 9:27 | Build | House |
| 9:55 | Create | Villager (Male) |
| 10:03 | Research | Feudal Age |
| 10:24 | Build | Mining Camp |
| 10:37 | Build | Palisade Wall |
| 10:37 | Build | Palisade Wall |
| 10:44 | Build | Palisade Wall |
| 10:46 | Build | Palisade Wall |
| 10:46 | Build | Palisade Wall |
| 10:47 | Build | Palisade Wall |
| 10:48 | Build | Palisade Wall |
| 10:49 | Build | Palisade Wall |
| 10:50 | Build | Palisade Wall |
| 10:50 | Build | Palisade Wall |
| 10:51 | Build | Palisade Wall |
| 10:55 | Build | Palisade Wall |
| 10:56 | Build | Palisade Wall |
| 10:57 | Build | Palisade Wall |
| 10:58 | Build | Palisade Wall |
| 10:59 | Build | Palisade Wall |
| 10:59 | Build | Palisade Wall |
| 11:10 | Create | Villager (Male) |
| 11:30 | Build | Farm |
| 11:31 | Build | Farm |
| 11:49 | Build | Outpost |
| 12:00 | Build | House |
| 12:02 | Build | Palisade Wall |
| 12:22 | Create | Villager (Male) |
| 12:26 | Build | Farm |
| 12:28 | Build | Farm |
| 12:36 | Age | Feudal Age |
| 12:48 | Build | Market |
| 12:56 | Create | Villager (Male) |
| 13:14 | Build | Blacksmith |
| 13:24 | Create | Villager (Male) |
| 13:28 | Build | Palisade Wall |
| 13:32 | Build | Watch Tower |
| 14:20 | Build | Palisade Wall |
| 14:24 | Create | Villager (Male) |
| 14:26 | Create | Villager (Male) |
| 14:36 | Create | Villager (Male) |
| 14:47 | Build | Palisade Wall |
| 15:04 | Build | Mining Camp |
| 15:30 | Create | Villager (Male) |
| 16:01 | Research | Castle Age |
| 16:02 | Research | Castle Age |
| 16:26 | Build | Watch Tower |
| 17:20 | Build | Watch Tower |
| 17:56 | Create | Villager (Male) |
| 18:00 | Create | Villager (Male) |
| 18:17 | Create | Villager (Male) |
| 18:41 | Age | Castle Age |
| 18:45 | Build | Lumber Camp |
| 18:46 | Build | Monastery |
| 18:57 | Build | Monastery |
| 19:03 | Build | House |
| 19:03 | Build | Palisade Wall |
| 19:11 | Build | House |
| 19:20 | Build | Monastery |
| 19:26 | Create | Villager (Male) |
| 19:33 | Create | Monk |
| 19:34 | Create | Monk |
| 19:41 | Build | House |
| 19:44 | Create | Villager (Male) |
| 19:46 | Create | Monk |
| 20:08 | Create | Monk |
| 20:10 | Build | House |
| 20:19 | Create | Monk |
| 20:19 | Create | Monk |
| 20:25 | Create | Villager (Male) |
| 20:33 | Create | Monk |
| 20:44 | Create | Villager (Male) |
| 20:48 | Build | Farm |
| 20:50 | Build | Farm |
| 20:51 | Create | Monk |
| 21:04 | Create | Monk |
| 21:05 | Create | Monk |
| 21:22 | Create | Villager (Male) |
| 21:28 | Build | Mining Camp |
| 21:30 | Create | Monk |
| 21:30 | Create | Monk |
| 21:42 | Create | Monk |
| 21:42 | Create | Monk |
| 21:48 | Build | Farm |
| 22:05 | Research | Sanctity |
| 22:05 | Research | Sanctity |
| 22:07 | Create | Villager (Male) |
| 22:12 | Create | Monk |
| 22:12 | Create | Monk |
| 22:20 | Create | Villager (Male) |
| 22:31 | Create | Monk |
| 22:59 | Create | Villager (Male) |
| 23:16 | Create | Villager (Male) |
| 23:29 | Create | Villager (Male) |
| 23:49 | Build | Castle |
| 23:51 | Create | Villager (Male) |
| 24:16 | Create | Villager (Male) |
Match timeline
| 3:01 | Dr. Wiley!!! · first_building Barracks |
| 4:10 | Dr. Wiley!!! · wall_segment Palisade Wall x1 |
| 4:11 | Dr. Wiley!!! · wall_segment Palisade Wall x1 |
| 5:06 | Dr. Wiley!!! · wall_segment Palisade Wall x1 |
| 5:12 | Dr. Wiley!!! · wall_segment Palisade Wall x1 |
| 5:28 | Dr. Wiley!!! · wall_segment Palisade Wall x1 |
| 5:29 | Dr. Wiley!!! · wall_segment Palisade Wall x1 |
| 6:19 | Dr. Wiley!!! · wall_segment Palisade Wall x1 |
| 6:50 | Dr. Wiley!!! · wall_segment Palisade Wall x1 |
| 7:39 | Dr. Wiley!!! · wall_segment Palisade Wall x1 |
| 7:40 | Dr. Wiley!!! · wall_segment Palisade Wall x1 |
| 7:41 | Dr. Wiley!!! · wall_segment Palisade Wall x1 |
| 8:26 | CNZS_Donghaidi · age_up feudal |
| 8:28 | CNZS_Donghaidi · first_building Stable |
| 9:17 | Dr. Wiley!!! · wall_segment Palisade Wall x1 |
| 9:19 | Dr. Wiley!!! · wall_segment Palisade Wall x1 |
| 9:19 | Dr. Wiley!!! · wall_segment Palisade Wall x1 |
| 9:20 | Dr. Wiley!!! · wall_segment Palisade Wall x1 |
| 9:22 | Dr. Wiley!!! · wall_segment Palisade Wall x6 |
| 10:37 | Dr. Wiley!!! · wall_segment Palisade Wall x1 |
| 10:37 | Dr. Wiley!!! · wall_segment Palisade Wall x1 |
| 10:44 | Dr. Wiley!!! · wall_segment Palisade Wall x1 |
| 10:46 | Dr. Wiley!!! · wall_segment Palisade Wall x2 |
| 10:46 | Dr. Wiley!!! · wall_segment Palisade Wall x1 |
| 10:47 | Dr. Wiley!!! · wall_segment Palisade Wall x1 |
| 10:48 | Dr. Wiley!!! · wall_segment Palisade Wall x1 |
| 10:49 | Dr. Wiley!!! · wall_segment Palisade Wall x1 |
| 10:50 | Dr. Wiley!!! · wall_segment Palisade Wall x1 |
| 10:50 | Dr. Wiley!!! · wall_segment Palisade Wall x1 |
| 10:51 | Dr. Wiley!!! · wall_segment Palisade Wall x1 |
| 10:55 | Dr. Wiley!!! · wall_segment Palisade Wall x1 |
| 10:56 | Dr. Wiley!!! · wall_segment Palisade Wall x1 |
| 10:57 | Dr. Wiley!!! · wall_segment Palisade Wall x1 |
| 10:58 | Dr. Wiley!!! · wall_segment Palisade Wall x1 |
| 10:59 | Dr. Wiley!!! · wall_segment Palisade Wall x1 |
| 10:59 | Dr. Wiley!!! · wall_segment Palisade Wall x1 |
| 11:14 | CNZS_Donghaidi · first_building Archery Range |
| 12:02 | Dr. Wiley!!! · wall_segment Palisade Wall x1 |
| 12:36 | Dr. Wiley!!! · age_up feudal |
| 13:28 | Dr. Wiley!!! · wall_segment Palisade Wall x1 |
| 14:20 | Dr. Wiley!!! · wall_segment Palisade Wall x1 |
| 14:47 | Dr. Wiley!!! · wall_segment Palisade Wall x2 |
| 15:09 | Dr. Wiley!!! · first_market_buy 100 food |
| 16:21 | Dr. Wiley!!! · first_market_sell 100 wood |
| 18:41 | Dr. Wiley!!! · age_up castle |
| 18:46 | Dr. Wiley!!! · first_building Monastery |
| 19:03 | Dr. Wiley!!! · wall_segment Palisade Wall x1 |
| 20:01 | CNZS_Donghaidi · first_market_sell 100 wood |
| 20:15 | CNZS_Donghaidi · first_market_buy 100 food |
| 23:05 | CNZS_Donghaidi · age_up castle |
| 23:49 | Dr. Wiley!!! · first_building Castle |
| 25:14 | CNZS_Donghaidi · first_building Monastery |
| 30:40 | CNZS_Donghaidi · first_building Castle |
| 30:57 | CNZS_Donghaidi · first_building Siege Workshop |
| 34:07 | Dr. Wiley!!! · first_building Siege Workshop |
| 35:56 | Dr. Wiley!!! · resign |
[ AI ANALYSIS · 1 CREDIT ]
What really happened in this match?
Wolo.gg analyzes every decision: build order, eco, micro, common mistakes by bracket. Personalized analysis on WhatsApp or Discord in 30 seconds.
Civ guide
Khmer
Perfil
DongHaiDi